 Dungeon Crawl Stone Soup version 0.25.1-2-g60ff931df9 (webtiles) character file.

Game seed: 15798736186529379839

26805 Joresh2 the Slicer (level 13, -12/70 HPs)
             Began as a Demonspawn Berserker on Aug 30, 2020.
             Was a High Priest of Trog.
             Killed by divine providence
             ... invoked by a meliai
              (15 damage)
             ... on level 3 of the Abyss on Aug 31, 2020.
             The game lasted 01:24:22 (14165 turns).

Joresh2 the Slicer (Demonspawn Berserker)          Turns: 14165, Time: 01:24:22

Health: -12/70     AC: 19    Str: 24 (25) XL:     13   Next: 0%
Magic:  0/19       EV: 23    Int:  7      God:    Trog [*****.]
Gold:   1148       SH: 13    Dex:  7 (8)  Spells: 12/12 levels left

rFire    . . .     SeeInvis .   k - +4 short sword
rCold    + + .     Gourm    .   h - +1 kite shield
rNeg     + + .     Faith    .   j - +0 plate armour
rPois    .         Spirit   +   (helmet unavailable)
rElec    .         Reflect  .   K - +2 cloak
rCorr    .         Harm     .   e - +2 pair of gloves
MR       .....     Rnd*Tele +   (no boots)
Stlth    ..........             C - amulet "Zuimogyu" {Acrobat rC+}
HPRegen  0.21/turn              R - ring "Eraycheo" {+Fly rN+ Int+2 Stlth+}
MPRegen  0.16/turn              A - ring "Qofy" {+Fly MP+9 Str+6}

@: acrobat, hasted, very quick
A: horns 3, icy blue scales 3, [blurry vision 3], [clumsy 2], [deformed body],
demonic guardian 2, [deterioration 2], [dopey 2], [frail 3], [low mp 2],
negative energy resistance 1, [teleportitis 2], [weak 2], magic shield, [subdued
magic 2]
a: Berserk, Trog's Hand, Brothers in Arms, Renounce Religion, Evoke Flight


You were on level 3 of the Abyss.
You worshipped Trog.
Trog was extremely pleased with you.
You were very hungry.

You visited 3 branches of the dungeon, and saw 14 of its levels.
You visited the Abyss 1 time.
You also visited: Sewer.

You collected 1604 gold pieces.
You spent 456 gold pieces at shops.

Inventory:

Hand Weapons
 d - a +0 shortbow of freezing
 k - a +4 short sword (weapon)
 t - the +1 great mace of Discomfort {flame, *Rage Int+3 Dex+2}
   (Trog gifted it to you on level 2 of the Orcish Mines)

   It has been specially enchanted to burn those struck by it, causing extra
   injury to most foes and up to half again as much damage against particularly
   susceptible opponents.
   It affects your intelligence (+3).
   It affects your dexterity (+2).
   It may make you go berserk in combat.
 x - a +1 trident of freezing
Missiles
 m - 25 boomerangs (quivered)
 r - 15 arrows
Armour
 e - a +2 pair of gloves (worn)
 g - a +0 troll leather armour
 h - a +1 kite shield (worn)
 j - a +0 plate armour (worn)
 K - a +2 cloak (worn)
Jewellery
 v - a +6 ring of dexterity
 A - the ring "Qofy" (right hand) {+Fly MP+9 Str+6}
   (You took it off a vampire on level 9 of the Dungeon)

   [ring of strength]

   It affects your strength (+6).
   It affects your magic capacity (+9).
   It lets you fly.
 C - the amulet "Zuimogyu" (around neck) {Acrobat rC+}
   (You found it on level 9 of the Dungeon)

   [amulet of the acrobat]

   It helps you evade while moving and waiting.
   It protects you from cold.
 O - the ring "Dajaoreu" {*Slow rElec rF- rN++ rCorr}
   (You found it on level 9 of the Dungeon)

   [ring of resist corrosion]

   It makes you vulnerable to fire.
   It insulates you from electricity.
   It greatly protects you from negative energy.
   It provides partial protection from all sources of acid and corrosion.
   It may slow you when you take damage.
 R - the ring "Eraycheo" (left hand) {+Fly rN+ Int+2 Stlth+}
   (You found it on level 9 of the Dungeon)

   [ring of flight]

   It affects your intelligence (+2).
   It protects you from negative energy.
   It lets you fly.
   It makes you more stealthy.
Wands
 a - a wand of clouds (4)
 b - a wand of paralysis (24)
 G - a wand of iceblast (4)
 I - a wand of random effects (19)
 S - a wand of enslavement (10)
 X - a wand of acid (5)
 Y - a wand of flame (22)
Scrolls
 f - a scroll of brand weapon {unknown}
 i - 7 scrolls of identify
 p - 7 scrolls of remove curse
 q - 2 scrolls of enchant weapon
 u - a scroll of magic mapping
 w - 3 scrolls of teleportation
 y - 7 scrolls of enchant armour
 J - 3 scrolls of fog
 T - a scroll of holy word {unknown}
Potions
 l - a potion of resistance {unknown}
 n - a potion of ambrosia {unknown}
 o - 2 potions of invisibility {unknown}
 s - a potion of haste
 z - a potion of heal wounds
 B - 4 potions of flight
 D - 2 potions of curing
 E - 3 potions of stabbing {unknown}
 Q - 2 potions of might {unknown}
 U - 2 potions of cancellation
Comestibles
 c - 27 rations


   Skills:
 + Level 9.3 Fighting
 + Level 11.5 Short Blades
   Level 3.4(3.5) Axes
 + Level 1.1(2.4) Polearms
 + Level 0.3 Throwing
 + Level 8.8 Armour
 + Level 5.2 Dodging
 + Level 2.2 Stealth
 + Level 10.4 Shields
 + Level 0.1 Evocations


You had 12 spell levels left.
You didn't know any spells.
Your spell library was empty.

Dungeon Overview and Level Annotations

Branches:
Dungeon (11/15)            Temple (0/1) D:7            Lair (0/6) D:9
    Orc (2/2) D:11            Elf (1/3) Orc:2         Sewer (visited)

Altars:
Fedhas
Gozag
Makhleb
Okawaru
Qazlal
Yredelemnul

Shops:
D:9 !   Orc:1 *   Orc:2 =}(!

Annotations:
D:3 2 runed translucent doors, peterlawrence's ghost, amateur MiFi
D:11 exclusion: oklob plant
Orc:1 3 runed translucent doors, Bute's ghost, adept FoFi


Innate Abilities, Weirdness & Mutations

You have a pair of large horns on your head.
You are completely covered in icy blue scales. (AC +4, rC+)
A demonic guardian rushes to your aid.
You resist negative energy. (rN+)
When hurt, damage is shared between your health and your magic reserves.
[Scrolls take you much longer to read.]
[You are very clumsy. (Dex -4)]
[Armour fits poorly on your strangely shaped body.]
[Your body often deteriorates upon taking damage.]
[You are very dopey. (Int -4)]
[You are extremely frail. (-30% HP)]
[Your magical capacity is very low. (-20% MP)]
[You are sometimes teleported next to monsters.]
[You are very weak. (Str -4)]
[Your spells are easier to cast, but less powerful.]


Message History

A wretched star comes into view.
You hear a horrible gurgling sound!
You hear an angry buzzing noise.
The green very ugly thing pecks your soul eater but does no damage.
Your soul eater hits the green very ugly thing.
The wretched star pulses with an eldritch light!
You feel yourself wasting away.
You feel your body start to fall apart.
Your soul eater twists and deforms.
The green very ugly thing pecks your soul eater but does no damage.
The meliai mumbles some strange prayers to its god against you.
Something smites you!
* * * LOW HITPOINT WARNING * * *
Your body deteriorates!
You feel clumsy.
The meliai invokes the aid of its god against you.
Something smites you!
* * * LOW HITPOINT WARNING * * *
Your body deteriorates!
You feel weakened. The meliai hits you but does no damage.
The meliai closely misses you.
The meliai invokes the aid of its god against you.
Something smites you!
You die...

. ..#..#h#..#.##
.... #...... ..##
... ###.X...#...###
# .##.............#
.. #.##...........#
.. ###..... ....#
#ยง.##..#####.....#
##.......##....# #
.#@...#.. .#
.#.#.y#....### ..
##y..#..# #y..####
#.3u# .....u...#
#...#.*.#*...
##.###.###..# # #..
... ###


You could see 2 very ugly things, 2 wretched stars, 3 meliai and a friendly soul
eater (summoned, misshapen).

Vanquished Creatures
  A stone giant (Orc:2)
  An ettin (Orc:2)
  4 two-headed ogres (Orc:2)
  2 death yaks (D:9)
  Urug (Orc:1)
  An orc high priest (Orc:2)
  A skeletal warrior (D:11)
  A deep elf mage (Elf:1)
  An orc knight (Orc:2)
  An orc sorcerer (Orc:2)
  A cyclops (Orc:2)
  2 ugly things (D:9)
  Psyche (D:11)
  A freezing wraith (D:9)
  A queen bee (D:9)
  4 trolls
  A hornet (D:10)
  A slime creature (D:11)
  A hippogriff (D:11)
  A wraith (D:11)
  3 hungry ghosts
  3 wargs
  An eye of draining (D:9)
  An ice beast (D:7)
  8 orc warriors
  2 sky beasts
  A phantom (D:6)
  A black bear (D:11)
  A necrophage (D:7)
  13 ogres
  A centaur (D:11)
  2 big kobolds
  2 bullfrogs (D:9)
  A gnoll sergeant (D:9)
  A scorpion (D:5)
  11 killer bees (D:9)
  13 wights
  A howler monkey (D:4)
  3 crimson imps
  3 quasits
  4 hounds
  5 jellies
  5 orc priests
  A bullfrog skeleton (D:5)
  12 orc wizards
  5 iguanas
  12 worker ants
  2 hound skeletons
  7 gnolls
  A worker ant zombie (D:10)
  15 adders
  3 river rats (Sewer)
  7 oozes
  5 worms
  4 dart slugs
  5 leopard geckos
  52 orcs
  5 giant cockroaches
  8 goblins
  4 hobgoblins
  12 jackals
  7 quokkas
  A ball python (D:1)
  5 bats
  6 frilled lizards
  2 jackal skeletons
  15 kobolds
  A quokka skeleton (D:10)
  A quokka zombie (D:5)
  9 rats
  A fungus (D:11)
  6 plants (D:11)
328 creatures vanquished.

Vanquished Creatures (collateral kills)
  Jorgrun (Orc:1)
  2 ogre magi (Orc:2)
  Erolcha (Orc:1)
  A death knight (D:11)
  5 two-headed ogres
  A death yak (D:9)
  A wretched star (Abyss:3)
  Sonja (D:10)
  A deep elf knight (Elf:1)
  2 deep trolls (Orc:2)
  An orc knight (Orc:1)
  A phantasmal warrior (D:11)
  3 deep elf magi
  An orc sorcerer (Orc:2)
  A cyclops (D:11)
  An apocalypse crab (Abyss:3)
  A komodo dragon (D:9)
  4 trolls (Orc:2)
  2 hippogriffs (D:9)
  A vampire (D:9)
  2 air elementals (Abyss:3)
  A wraith (D:11)
  A hungry ghost (D:9)
  6 orc warriors
  A phantom (D:6)
  11 ogres
  A gnoll sergeant (D:9)
  A killer bee (Abyss:3)
  A wight (D:7)
  2 orc priests
  7 orc wizards
  5 gnolls
  13 orcs
  A ball python (D:5)
  A goblin (D:2)
  A hobgoblin (D:2)
87 creatures vanquished.

Vanquished Creatures (others)
  A fungus (D:4)
  11 starspawn tentacles (Abyss:3)
  6 toadstools (D:4)
18 creatures vanquished.

Grand Total: 433 creatures vanquished

Notes
Turn   | Place    | Note
-------+----------+-------------------------------------------
     0 | D:1      | Joresh2 the Demonspawn Berserker began the quest for the
                  | Orb.
     0 | D:1      | Reached XP level 1. HP: 18/18 MP: 1/1
   149 | D:1      | Gained mutation: You have a pair of small horns on your
                  | head. [demonic ancestry]
   149 | D:1      | Reached XP level 2. HP: 20/24 MP: 2/2
   328 | D:1      | Reached ** piety under Trog
   515 | D:1      | Gained mutation: A weak demonic guardian rushes to your
                  | aid. [demonic ancestry]
   515 | D:1      | Reached XP level 3. HP: 29/29 MP: 3/3
  1208 | D:2      | Reached skill level 1 in Shields
  1279 | D:2      | Gained mutation: A demonic guardian rushes to your aid.
                  | [demonic ancestry]
  1279 | D:2      | Reached XP level 4. HP: 35/35 MP: 4/4
  1346 | D:2      | Reached skill level 1 in Short Blades
  2145 | D:3      | Found a runed translucent door.
  2155 | D:3      | Noticed peterlawrence's ghost (amateur MiFi)
  2311 | D:3      | Found a runed translucent door.
  2949 | D:3      | Gained mutation: When hurt, damage is shared between your
                  | health and your magic reserves. [demonic ancestry]
  2949 | D:3      | Reached XP level 5. HP: 41/41 MP: 5/5
  3069 | D:4      | Reached skill level 2 in Short Blades
  3184 | D:4      | Noticed an ogre
  3190 | D:4      | Killed an ogre
  3315 | D:4      | Reached skill level 1 in Polearms
  3421 | D:4      | Reached XP level 6. HP: 48/48 MP: 6/6
  3439 | D:4      | Reached *** piety under Trog
  3702 | D:4      | Reached skill level 3 in Short Blades
  4166 | D:4      | Gained mutation: You have a pair of horns on your head.
                  | [demonic ancestry]
  4166 | D:4      | Reached XP level 7. HP: 49/53 MP: 7/7
  4345 | D:5      | Entered Level 5 of the Dungeon
  4384 | D:5      | Reached skill level 4 in Short Blades
  4682 | D:5      | Reached **** piety under Trog
  4779 | D:5      | Found a stormy altar of Qazlal.
  5209 | D:6      | Found a glowing drain.
  5244 | Sewer    | Entered a sewer
  5372 | Sewer    | Found a white marble altar of Elyvilon.
  5653 | D:6      | Gained mutation: You have a pair of large horns on your
                  | head. [demonic ancestry]
  5653 | D:6      | Reached XP level 8. HP: 60/60 MP: 8/8
  6021 | D:7      | Reached skill level 5 in Short Blades
  6066 | D:7      | Found a staircase to the Ecumenical Temple.
  6226 | D:7      | Found a basalt altar of Yredelemnul.
  6243 | D:7      | Found an opulent altar of Gozag.
  6292 | D:7      | Reached skill level 5 in Fighting
  6375 | D:7      | Found an iron altar of Okawaru.
  6886 | D:8      | Reached skill level 6 in Short Blades
  6909 | D:8      | Reached XP level 9. HP: 38/68 MP: 5/9
  7577 | D:9      | Found Solaciz's Distillery.
  7615 | D:9      | Bought a potion of brilliance for 64 gold pieces
  7615 | D:9      | Bought a potion of curing for 48 gold pieces
  7615 | D:9      | Bought a potion of flight for 48 gold pieces
  7615 | D:9      | Bought a potion of lignification for 48 gold pieces
  7615 | D:9      | Bought a potion of degeneration for 16 gold pieces
  7615 | D:9      | Bought a potion of mutation for 128 gold pieces
  7676 | D:9      | Reached ***** piety under Trog
  7679 | D:9      | Noticed a red ugly thing
  7700 | D:9      | Killed a red ugly thing
  7700 | D:9      | Reached skill level 5 in Armour
  7700 | D:9      | Reached skill level 5 in Shields
  7789 | D:9      | Reached skill level 7 in Short Blades
  7993 | D:9      | Found a burning altar of Makhleb.
  8004 | D:9      | Noticed a deep elf mage
  8009 | D:9      | Noticed a freezing wraith
  8011 | D:9      | Noticed a komodo dragon
  8018 | D:9      | Identified the ring "Qofy" {+Fly MP+9 Str+6}
  8038 | D:9      | Killed a freezing wraith
  8048 | D:9      | Killed a komodo dragon
  8056 | D:9      | Killed a deep elf mage
  8056 | D:9      | Gained mutation: You are partially covered in icy blue
                  | scales. (AC +2) [demonic ancestry]
  8056 | D:9      | Reached XP level 10. HP: 14/76 MP: 6/10
  8349 | D:9      | Reached skill level 8 in Short Blades
  8371 | D:9      | Got a crude tin amulet
  8378 | D:9      | Got a glittering lead ring
  8388 | D:9      | Got a scorched turquoise ring
  8414 | D:9      | Identified the amulet "Zuimogyu" {Acrobat rC+} (You found
                  | it on level 9 of the Dungeon)
  8417 | D:9      | Identified the ring "Dajaoreu" {*Slow rElec rF- rN++ rCorr}
                  | (You found it on level 9 of the Dungeon)
  8419 | D:9      | Identified the ring "Eraycheo" {+Fly rN+ Int+2 Stlth+} (You
                  | found it on level 9 of the Dungeon)
  8432 | D:9      | Noticed a green ugly thing
  8446 | D:9      | Killed a green ugly thing
  8822 | D:9      | Found a staircase to the Lair.
  8831 | D:9      | Noticed a death yak
  8834 | D:9      | Noticed a death yak
  8834 | D:9      | Noticed a death yak
  8861 | D:9      | Killed a death yak
  8872 | D:9      | Killed a death yak
  8872 | D:9      | Reached skill level 9 in Short Blades
  8895 | D:9      | Killed a death yak
  9142 | D:10     | Entered Level 10 of the Dungeon
  9150 | D:10     | Paralysed by a hornet for 3 turns
  9641 | D:10     | Noticed Sonja
  9666 | D:10     | Killed Sonja
 10192 | D:11     | Found a blossoming altar of Fedhas.
 10205 | D:11     | Noticed an oklob plant
 10373 | D:11     | Gained mutation: You are mostly covered in icy blue scales.
                  | (AC +3) [demonic ancestry]
 10373 | D:11     | Reached XP level 11. HP: 79/83 MP: 11/11
 10398 | D:11     | Noticed Psyche
 10406 | D:11     | Killed Psyche
 10478 | D:11     | Found a staircase to the Orcish Mines.
 10576 | D:11     | Noticed a two-headed ogre
 10586 | D:11     | Killed a two-headed ogre
 10586 | D:11     | Reached skill level 1 in Stealth
 10670 | D:11     | Noticed a skeletal warrior
 10671 | D:11     | Noticed a death knight
 10685 | D:11     | Noticed a phantasmal warrior
 10722 | D:11     | Killed a phantasmal warrior
 10722 | D:11     | Reached skill level 5 in Dodging
 10740 | D:11     | Killed a death knight
 10762 | D:11     | Killed a skeletal warrior
 11087 | D:11     | Noticed a two-headed ogre
 11092 | D:11     | Killed a two-headed ogre
 11268 | Orc:1    | Entered Level 1 of the Orcish Mines
 11392 | Orc:2    | Entered Level 2 of the Orcish Mines
 11392 | Orc:2    | Noticed an orc sorcerer
 11397 | Orc:2    | Killed an orc sorcerer
 11397 | Orc:2    | Reached skill level 10 in Short Blades
 11405 | Orc:2    | Noticed Erolcha
 11448 | Orc:1    | Killed Erolcha
 11663 | Orc:2    | Noticed an orc knight
 11663 | Orc:2    | Noticed an orc high priest
 11732 | Orc:2    | Killed an orc knight
 11955 | Orc:2    | Found a staircase to the Elven Halls.
 12068 | Orc:2    | Killed an orc high priest
 12301 | Orc:2    | Noticed an ettin
 12305 | Orc:2    | Noticed a two-headed ogre
 12309 | Orc:2    | Noticed an ogre mage
 12316 | Orc:2    | Killed a two-headed ogre
 12323 | Orc:2    | Gained mutation: You resist negative energy. (rN+) [demonic
                  | ancestry]
 12323 | Orc:2    | Reached XP level 12. HP: 42/92 MP: 12/12
 12324 | Orc:2    | Killed an ettin
 12324 | Orc:2    | Noticed a two-headed ogre
 12332 | Orc:2    | Killed an ogre mage
 12332 | Orc:2    | Noticed a two-headed ogre
 12353 | Orc:2    | Killed a two-headed ogre
 12353 | Orc:2    | Reached ****** piety under Trog
 12353 | Orc:2    | Received a gift from Trog
 12356 | Orc:2    | Killed a two-headed ogre
 12357 | Orc:2    | Noticed a two-headed ogre
 12374 | Orc:2    | Killed a two-headed ogre
 12394 | Orc:2    | Got a twisted great mace {god gift}
 12400 | Orc:2    | Identified the +1 great mace of Discomfort {flame, *Rage
                  | Int+3 Dex+2} (Trog gifted it to you on level 2 of the
                  | Orcish Mines)
 12481 | Orc:2    | Noticed a two-headed ogre
 12491 | Orc:2    | Killed a two-headed ogre
 12521 | Orc:2    | Found Sustricsau's Jewellery Emporium.
 12524 | Orc:2    | Found Imil's Gadget Emporium.
 12559 | Orc:2    | Noticed a two-headed ogre
 12562 | Orc:2    | Noticed an ogre mage
 12568 | Orc:2    | Killed a two-headed ogre
 12581 | Orc:2    | Killed an ogre mage
 12596 | Orc:2    | Found Koidghoki's Antique Weapon Boutique.
 12597 | Orc:2    | Noticed a two-headed ogre
 12599 | Orc:2    | Noticed a stone giant
 12601 | Orc:2    | Killed a two-headed ogre
 12601 | Orc:2    | Reached skill level 11 in Short Blades
 12644 | Orc:2    | Killed a stone giant
 12644 | Orc:2    | Reached skill level 10 in Shields
 12947 | Orc:2    | Found Zeyviy's Distillery.
 12983 | Orc:2    | Bought a potion of cancellation for 104 gold pieces
 13194 | Orc:1    | Noticed Urug
 13227 | Orc:1    | Killed Urug
 13236 | Orc:1    | Noticed Jorgrun
 13250 | Orc:1    | Killed Jorgrun
 13621 | Orc:1    | Found a runed translucent gate.
 13621 | Orc:1    | Found a runed translucent gate.
 13622 | Orc:1    | Found a runed translucent gate.
 13623 | Orc:1    | Noticed Bute's ghost (adept FoFi)
 13626 | Orc:1    | Noticed an orc high priest
 13672 | Orc:1    | Found Isots's Assorted Antiques.
 13894 | Elf:1    | Entered Level 1 of the Elven Halls
 13962 | Elf:1    | Noticed a deep elf sorcerer
 13981 | Elf:1    | Cast into level 3 of the Abyss (a deep elf sorcerer)
 14059 | Abyss:3  | Noticed a tentacled starspawn
 14077 | Abyss:3  | Noticed a starcursed mass
 14110 | Abyss:3  | Gained mutation: You are completely covered in icy blue
                  | scales. (AC +4, rC+) [demonic ancestry]
 14110 | Abyss:3  | Reached XP level 13. HP: 24/70 MP: 4/10
 14128 | Abyss:3  | Noticed a tentacled starspawn
 14146 | Abyss:3  | Found a corrupted altar of Lugonu.
 14156 | Abyss:3  | Noticed a green very ugly thing
 14160 | Abyss:3  | Noticed a green very ugly thing
 14165 | Abyss:3  | HP: 3/70 [meliai/divine providence (11)]
 14165 | Abyss:3  | Killed from afar by a meliai

Illustrated notes

Levels and vault maps discovered:
D:1:      dpeg_arrival_boxes_within_box, layout_loops_ring
D:2:      layout_basic, first_ration, kennysheep_boxes
D:3:      layout_basic, ebering_ghost_sewer_f
D:4:      minmay_octagon_keep, layout_loops_ring, minmay_gold_behind_fungi,
          guppyfry_early_lair_pool
D:5:      layout_loops_ring, lemuel_crystal_altar
D:6:      layout_loops_ring, cheibrodos_sewer_entry_bend, minmay_misc_feat_five
D:7:      layout_basic, nicolae_overflow_hidden_temple,
          minmay_temple_entry_drinking_statues, okawaru_metal_pillars_3
D:8:      layout_loops_ring
D:9:      minmay_the_grid_triangle_9x9_rhombus_thin_mashed
          [minmay_the_grid_triangle_9x9_zippers_horizontal,
          minmay_the_grid_triangle_9x9_prize_special,
          minmay_the_grid_triangle_9x9_minimal,
          minmay_the_grid_triangle_9x9_shrine], layout_rooms,
          dpeg_lair_monsters, serial_shops, shop, nicolae_looking_at_the_future
D:10:     layout_loops_corners, uniq_sonja
D:11:     layout_rooms, orc_0_dummy, hangedman_little_slice_of_home,
          minmay_misc_feat_secret_circle, tgw_fedhas, uniq_psyche
Orc:1:    layout_caves, serial_shops, shop, gammafunk_ghost_split,
          statue_in_the_mist_lemuel, uniq_urug, uniq_jorgrun
Orc:2:    st_orc_open, layout_diamond_mine, uniq_erolcha
Elf:1:    layout_loops_corners, kennysheep_underground_church, uniq_azrael
Abyss:3:  base: Snake:3, nicolae_abyss_rune_star_stuff, abyss_exit_lava,
          minivault_26, hangedman_abyss_rune_flesh_and_stone,
          hangedman_abyss_rune_flesh_and_stone, bh_abyss_exit_grid,
          abyss_greek_temple, grunt_abyss_exit_deep_breaths,
          grunt_abyss_rune_wretched_hive, grunt_abyss_rune_wretched_hive,
          minivault_28

Skill      XL: |  1  2  3  4  5  6  7  8  9 10 11 12 |
---------------+-------------------------------------+-----
Axes           | 3 |  3.4
Armour         | 2 3 4 6 7 8 |  8.8
Dodging        | 2 3 4 5 |  5.2
Shields        | 1 2 3 4 5 7 9 10 | 10.4
Short Blades   | 1 2 3 4 6 7 9 10 11 | 11.5
Polearms       | 1 |  1.1
Fighting       | 4 5 6 7 9 |  9.3
Stealth        | 1 2 |  2.2
Throwing       | |  0.3
Evocations     | |  0.1

Action                   |  1- 3 |  4- 6 |  7- 9 | 10-12 | 13-15 || total
-------------------------+-------+-------+-------+-------+-------++-------
Melee: Hand axe          |    81 |       |       |       |       ||    81
       Headbutt          |    10 |    37 |    82 |   202 |       ||   331
       Short sword       |    41 |   178 |   367 |   765 |       ||  1351
       Spear             |       |    34 |       |       |       ||    34
Throw: Boomerang         |       |     2 |       |       |       ||     2
Invok: Berserk           |       |       |     2 |     3 |       ||     5
       Trog's Hand       |       |       |       |     5 |       ||     5
       Brothers in Arms  |       |       |       |     4 |       ||     4
Evoke: Wand              |       |       |       |     1 |       ||     1
  Use: Scroll            |       |       |    13 |     3 |       ||    16
       Potion            |       |       |     1 |     5 |     3 ||     9
 Stab: Paralysed         |       |       |       |     2 |       ||     2
       Distracted        |       |       |       |     2 |       ||     2
  Eat: Chunk             |     1 |    10 |    14 |    20 |       ||    45
       Ration            |       |       |     1 |     2 |       ||     3
Armor: Scale mail        |    63 |    68 |     6 |       |       ||   137
       Chain mail        |       |       |   140 |   121 |       ||   261
       Plate armour      |       |       |       |   114 |     4 ||   118
Dodge: Dodged            |    41 |    56 |    96 |   225 |     4 ||   422
Block: Kite shield       |    26 |    60 |   170 |   371 |     4 ||   631
